 Dungeon Crawl Stone Soup version 0.27.1-33-g824d729ab1 (webtiles) character file.

Game seed: 6926561635262441926

64922 szrap the Stormcaller (level 14, -5/66 HPs)
             Began as a Felid Air Elementalist on Dec 24, 2021.
             Was the Champion of Jiyva.
             Succumbed to poison (poison gas)
             ... on level 2 of the Lair of Beasts on Dec 28, 2021.
             The game lasted 03:03:30 (52057 turns).

szrap the Stormcaller (Felid Air Elementalist)     Turns: 52057, Time: 03:03:30

Health: -5/66      AC:  5    Str:  8    XL:     14   Next: 25%
Magic:  9/26       EV: 29    Int: 19    God:    Jiyva [******]
Gold:   465        SH:  4    Dex: 15    Spells: 1/28 levels left
                                        Lives:  0   Deaths: 4

rFire    . . .     SeeInvis +     - Unarmed
rCold    + . .     Faith    .   (shield unavailable)
rNeg     . . .     Spirit   .   (armour unavailable)
rPois    .         Reflect  .   (helmet unavailable)
rElec    .         Harm     .   (cloak unavailable)
rCorr    +         Rampage  .   (gloves unavailable)
Will     +++..                  (boots unavailable)
Stlth    ++++++....             q - amulet of magic regeneration
HPRegen  0.21/turn              K - ring of willpower
MPRegen  0.45/turn              E - +4 ring of evasion

@: lethally poisoned (-5 -> -38), studying Conjurations, quick
A: very small, claws 1, fangs 3, see invisible, speed 1, shaggy fur 3, stealthy
paws, no weapons or thrown items, no armour, multi-lived, iridescent scales 1,
large bone plates 1, jelly sensing items
}: 1/15 runes: slimy
a: Renounce Religion, Request Jelly, Slimify, Cure Bad Mutation


You were on level 2 of the Lair of Beasts.
You worshipped Jiyva.
Jiyva was exalted by your worship.
You visited 6 branches of the dungeon, and saw 30 of its levels.

You collected 1982 gold pieces.
You spent 1517 gold pieces at shops.

Inventory:

Jewellery
 o - a +4 ring of protection
 q - an amulet of magic regeneration (around neck)
 w - a ring of fire
 y - an amulet of reflection
 A - an amulet of the acrobat
 B - a +4 ring of protection
 E - a +4 ring of evasion (right paw)
 H - a ring of ice
 K - a ring of willpower (left paw)
Wands
 c - a wand of mindburst (11)
 k - a wand of acid (7)
 l - a wand of polymorph (45)
 p - a wand of paralysis (29)
 t - a wand of flame (25)
 v - a wand of iceblast (5)
 x - a wand of charming (8)
 z - a wand of digging (16)
Scrolls
 d - 14 scrolls of teleportation
 j - 3 scrolls of fog
 n - 2 scrolls of immolation
 r - a scroll of fear
 u - 2 scrolls of identify
 F - a scroll of blinking
 J - a scroll of silence
Potions
 a - 6 potions of might
 b - 3 potions of haste
 e - a potion of invisibility
 f - a potion of cancellation
 g - 4 potions of resistance
 h - a potion of curing
 i - 10 potions of lignification
 m - 6 potions of attraction
 s - a potion of magic
 C - 4 potions of flight
 D - 2 potions of brilliance
 G - a potion of ambrosia
 I - a potion of heal wounds
 L - a potion of mutation


   Skills:
 + Level 10.5 Fighting
 - Level 13.0 Dodging
 - Level 14.0 Stealth
 + Level 7.9 Unarmed Combat
 - Level 7.8 Spellcasting
 - Level 0.8 Conjurations
 - Level 7.9 Translocations
 * Level 8.8 Transmutations
 - Level 15.2 Air Magic
 - Level 0.8 Evocations


You had one spell level left.
You knew the following spells:

 Your Spells              Type           Power      Damage    Failure   Level
a - Storm Form            Tmut/Air       26%        N/A       50%         7
b - Airstrike             Air            30%        N/A       1%          4
c - Blink                 Tloc           N/A        N/A       1%          2
d - Manifold Assault      Tloc           37%        N/A       10%         5
e - Summon Lightning Spi  Summ/Air       36%        N/A       4%          4
f - Lightning Bolt        Conj/Air       19%        1d33      10%         5

Your spell library contained the following spells:

 Spells                   Type           Power      Damage    Failure   Level
 Beastly Appendage        Tmut           82%        N/A       1%          1
 Shock                    Conj/Air       100%       1d9       1%          1
 Sting                    Tmut/Pois      96%        1d7       1%          1
 Animate Skeleton         Necr           14%        N/A       10%         1
 Pain                     Necr           28%        1d5       10%         1
 Summon Small Mammal      Summ           28%        N/A       10%         1
 Corpse Rot               Necr/Air       N/A        N/A       1%          2
 Poisonous Vapours        Pois/Air       72%        N/A       1%          2
 Static Discharge         Conj/Air       38%        N/A       1%          2
 Wereblood                Tmut           41%        N/A       1%          2
 Lesser Beckoning         Tloc           18%        N/A       1%          3
 Swiftness                Air            60%        N/A       1%          3
 Passwall                 Tmut/Erth      20%        N/A       2%          2
 Mephitic Cloud           Conj/Pois/Air  27%        N/A       3%          3
 Spider Form              Tmut/Pois      12%        N/A       4%          3
 Ignite Poison            Fire/Tmut/Pois 18%        N/A       9%          3
 Silence                  Hex/Air        18%        N/A       11%         5
 Call Imp                 Summ           7%         N/A       14%         2
 Iskenderun's Mystic Bla  Conj/Tloc      24%        2d7       16%         4
 Dazzling Flash           Conj/Hex       18%        N/A       24%         3
 Stone Arrow              Conj/Erth      18%        3d8       24%         3
 Vampiric Draining        Necr           3%         2d6       28%         3
 Freezing Cloud           Conj/Ice/Air   13%        6-21      28%         5
 Summon Forest            Summ/Tloc      11%        N/A       45%         5
 Conjure Ball Lightning   Conj/Air       19%        3x3d6     45%         6
 Fulminant Prism          Conj/Hex       4%         3d6       61%         4
 Cause Fear               Hex            3%         N/A       67%         4
 Olgreb's Toxic Radiance  Pois           7%         N/A       67%         4
 Maxwell's Capacitive Co  Air            30%        ∞         75%         8
 Iskenderun's Battlesphe  Conj           10%        2d6       88%         5
 Fireball                 Conj/Fire      4%         3d4       91%         5
 Dragon Form              Tmut           20%        N/A       91%         7
 Bolt of Magma            Conj/Fire/Erth 4%         4d5       92%         5
 Agony                    Necr           7%         N/A       95%         5
 Lee's Rapid Deconstruct  Erth           3%         3d6*      95%         5
 Invisibility             Hex            3%         N/A       100%        6
 Orb of Destruction       Conj           5%         9d2       100%        7
 Lehudib's Crystal Spear  Conj/Erth      4%         10d3      100%        8
 Dragon's Call            Summ           3%         N/A       100%        9
 Animate Armour           Summ/Erth      Unusable   N/A       N/A         4

Dungeon Overview and Level Annotations

Branches:
Dungeon (15/15)            Temple (1/1) D:6            Lair (6/6) D:11
  Swamp (1/4) Lair:2        Snake (0/4) Lair:3        Slime (5/5) Lair:6
    Orc (2/2) D:11            Elf (0/3) Orc:2        Vaults (0/5) D:14
 Depths (0/5) D:15

Altars:
Ashenzari
Cheibriados
Dithmenos
Elyvilon
Fedhas
Gozag
Hepliaklqana
Kikubaaqudgha
Makhleb
Nemelex Xobeh
Okawaru
Qazlal
Ru
Sif Muna
Trog
Uskayaw
Vehumet
Wu Jian
Xom
Yredelemnul
Zin
The Shining One
Beogh
Jiyva
Lugonu

Shops:
D:3 =   D:6 ?   D:10 [   D:13 =   D:14 *   Orc:2 :!:*

Portals:
Abyss: Lair:6

Annotations:
D:8 exclusion: 2 downstairs
D:10 exclusion: downstairs
D:13 exclusion: downstairs
D:15 Roxanne
Lair:2 exclusion: downstairs
Lair:4 1 runed translucent door
Slime:5 Royal Jelly


Innate Abilities, Weirdness & Mutations

You have sharp claws.
You have razor-sharp teeth.
You have supernaturally acute eyesight. (SInv)
You cover ground quickly. (Speed+)
Your thick and shaggy fur keeps you warm. (AC +3, rC+)
Your paws help you pounce on unaware monsters.
You are incapable of wielding weapons or throwing items.
You cannot wear armour.
You gain extra lives every three experience levels.
You are partially covered in iridescent scales. (AC +2)
You are partially covered in large bone plates. (SH +4)
You have a small jelly attached to you that senses nearby items.


Message History

The bolt of electricity hits the swamp dragon.
Casting: Airstrike (safe; 1% risk of failure)
Confirm with . or Enter, or press ? or * to list all spells.
Aiming: Airstrike (safe; 1% risk of failure)
Press: ? - help, Dir - move target, f/p - swamp dragon
Aim: a swamp dragon (moderately wounded, ally target)
The air twists around and strikes the swamp dragon!!
The swamp dragon is heavily wounded.
You are engulfed in poison gas.
You are more poisoned.
You feel extremely sick.
Casting: Airstrike (safe; 1% risk of failure)
Confirm with . or Enter, or press ? or * to list all spells.
Aiming: Airstrike (safe; 1% risk of failure)
Press: ? - help, Dir - move target, f/p - swamp dragon
Aim: a swamp dragon (heavily wounded, ally target)
The air twists around and strikes the swamp dragon!
The swamp dragon is severely wounded.
You are engulfed in poison gas.
You are lethally poisoned!
You feel extremely sick.
Your lightning spire shoots out a bolt of lightning at the swamp dragon!
The bolt of electricity hits the swamp dragon!
Unknown command.
Unknown command.
Casting: Airstrike (safe; 1% risk of failure)
Confirm with . or Enter, or press ? or * to list all spells.
Aiming: Airstrike (safe; 1% risk of failure)
Press: ? - help, Dir - move target, f/p - swamp dragon
Aim: a swamp dragon (almost dead, ally target)
The air twists around and strikes the swamp dragon!
You kill the swamp dragon!
You are engulfed in poison gas.
You are more poisoned.
* * * LOW HITPOINT WARNING * * *
You feel extremely sick.
* * * LOW HITPOINT WARNING * * *
You feel extremely sick.
You climb upwards.
Welcome back to the Lair of Beasts!
Level annotation: exclusion: downstairs You die...

#..<.......P##
##.........##
####...........#
###.#.#.........##
................####
#.#.#PP............##
#######........≈≈≈..#
#....J..≈≈≈§≈.##
#.......≈♣@≈§..#
#..###..♣♣≈≈♣.## ####
#...≈≈≈...#
##........##
#.#......##
####.####.# ### ###


You could see a neutral jelly (wandering) (fellow slime).

Vanquished Creatures
  Jorgrun (Orc:1)
  A fire dragon (D:12)
  A boulder beetle (D:11)
  3 vault guards
  9 hydras
  Erolcha (D:12)
  3 centaur warriors
  An alligator (Lair:2)
  A two-headed ogre (Orc:1)
  2 death yaks (Lair:5)
  4 thrashing horrors (Lair:6)
  Sonja (Orc:1)
  A spriggan druid (Swamp:1)
  4 skeletal warriors
  A bog body (Lair:2)
  A swamp dragon (Swamp:1)
  4 deep elf pyromancers
  A phantasmal warrior (D:12)
  Pikel (D:3)
  An orc sorcerer (Orc:2)
  2 orc knights
  8 ugly things
  3 oklob plants (Lair:6)
  2 manticores
  7 cyclopes
  4 black mambas
  Joseph (D:8)
  2 centaur zombies
  2 smoke demons (Lair:6)
  Maggie (Lair:2)
  3 gargoyles
  An unseen horror (D:11)
  3 rime drakes
  A kobold demonologist (D:11)
  9 cane toads
  3 tengu conjurers
  A freezing wraith (D:12)
  10 komodo dragons
  An ancient zyme (Lair:6)
  3 polar bears
  A meliai (D:14)
  5 trolls
  A bloated husk (Swamp:1)
  3 hornets
  15 blink frogs
  8 dream sheep
  3 small abominations (Lair:6)
  2 centaur simulacra
  3 spriggans
  3 wraiths
  2 ynoxinuls (Lair:6)
  5 basilisks
  A water elemental (D:12)
  4 wyverns
  24 yaks
  6 vampire mosquitoes
  A steam dragon (D:8)
  3 chaos spawn (Lair:6)
  Menkaure (D:4)
  A large abomination (Lair:6)
  2 swamp worms (Lair:1)
  3 wargs
  12 water moccasins
  Duvessa (D:4)
  A swamp drake (Swamp:1)
  24 orc warriors
  2 sky beasts
  6 black bears
  10 ogres
  3 boggarts (D:15)
  A tengu (shapeshifter) (D:12)
  14 centaurs
  9 wolves
  3 phantoms
  A lemure (D:3)
  10 kobold brigands
  Blork the orc (D:6)
  14 bullfrogs
  2 gnoll sergeants
  A wyvern zombie (D:8)
  Dowan (D:5)
  2 scorpions
  A hornet simulacrum (D:15)
  3 water moccasin skeletons (D:5)
  4 nameless horrors
  9 wights
  A howler monkey (D:11)
  2 jellies
  A bullfrog zombie (D:5)
  2 gnoll shamans (D:7)
  9 orc priests
  A hound (D:5)
  A centaur skeleton (D:7)
  Jessica (D:3)
  A bullfrog skeleton (D:5)
  3 iguanas
  Natasha (thrice) (D:4)
  6 orc wizards
  2 hell rats (Lair:4)
  A killer bee zombie (D:7)
  A hound skeleton (D:4)
  15 gnolls
  6 adders
  A shadow imp (D:7)
  2 white imps
  2 ufetubi (D:5)
  An adder skeleton (D:4)
  An adder zombie (D:5)
  A worm (D:4)
  A dart slug (D:4)
  37 orcs
  11 endoplasms
  10 giant cockroaches
  7 goblins
  7 hobgoblins
  4 jackals
  4 quokkas
  3 ball pythons
  5 bats
  2 frilled lizards
  22 kobolds
  9 rats
527 creatures vanquished.

Vanquished Creatures (collateral kills)
  Nessos (D:14)
  A bunyip (Swamp:1)
  A fire dragon (D:15)
  An eleionoma (Swamp:1)
  A vault guard (D:13)
  Fannar (D:12)
  2 hydras (Lair:6)
  4 boulder beetles
  A centaur warrior (D:9)
  2 death yaks (Lair:5)
  An alligator (Swamp:1)
  A death knight (D:13)
  A two-headed ogre (D:12)
  A tengu warrior (D:14)
  3 skeletal warriors
  A fire crab (shapeshifter) (D:15)
  2 bog bodies
  An orc knight (D:12)
  A deep elf pyromancer (D:15)
  6 ugly things
  A cyclops (D:14)
  A faun (shapeshifter) (Lair:6)
  A manticore (D:15)
  3 black mambas
  3 large abominations (Lair:6)
  A torpor snail (Lair:6)
  2 cane toads
  4 komodo dragons
  A rime drake (Lair:6)
  2 freezing wraiths (D:12)
  2 meliai (D:14)
  A tyrant leech (Swamp:1)
  A polar bear (Lair:1)
  9 dream sheep
  14 blink frogs
  25 yaks
  5 basilisks
  A vampire mosquito (D:14)
  2 wargs
  2 swamp worms
  A water moccasin (Lair:4)
  6 small abominations (Lair:6)
  4 black bears
  5 orc warriors
  3 wolves
  A centaur (D:11)
  3 kobold brigands (D:11)
  2 bullfrogs (Lair:3)
  A howler monkey (D:13)
  An orc wizard (D:12)
  5 hell rats (Lair:4)
  10 orcs
  2 hobgoblins (Orc:1)
158 creatures vanquished.

Vanquished Creatures (others)
  Gastronok (Orc:1)
  A boulder beetle (D:13)
  2 death knights
  2 ugly things
  A mana viper (shapeshifter) (D:14)
  A deep elf pyromancer (D:14)
  2 manticores
  A manticore (shapeshifter) (D:14)
  A komodo dragon (shapeshifter) (D:14)
  4 slime creatures (D:12)
  A blink frog (shapeshifter) (D:14)
  A shadow (D:11)
  A wraith (D:14)
  2 vampire mosquitoes (D:14)
  A sky beast (shapeshifter) (D:14)
  2 orc warriors (Orc:2)
  A boggart (D:15)
  An ogre (shapeshifter) (D:14)
  6 centaurs
  2 kobold brigands (D:11)
  3 howler monkeys
  147 jellies
  An orc wizard (Orc:2)
  8 orcs
  3 bats (Orc:2)
  A hobgoblin (Orc:1)
  2 kobolds (D:11)
  95 fungi
  116 plants
410 creatures vanquished.

Grand Total: 1095 creatures vanquished

Notes
Turn   | Place    | Note
-------+----------+-------------------------------------------
     0 | D:1      | szrap the Felid Air Elementalist began the quest for the
                  | Orb.
     0 | D:1      | Reached XP level 1. HP: 7/7 MP: 4/4
   384 | D:1      | Reached XP level 2. HP: 12/12 MP: 1/6
   444 | D:1      | Reached skill level 3 in Air Magic
  1216 | D:1      | Reached skill level 1 in Fighting
  1390 | D:1      | Found a faded altar of an unknown god.
  1530 | D:2      | Reached XP level 3. HP: 15/15 MP: 7/7
  2464 | D:2      | Reached XP level 4. HP: 19/19 MP: 6/8
  2487 | D:2      | Learned a level 4 spell: Airstrike
  3035 | D:3      | Reached skill level 4 in Air Magic
  3090 | D:3      | Noticed Jessica
  3094 | D:3      | Killed Jessica
  3433 | D:3      | Found Lohublul's Jewellery Emporium.
  3498 | D:3      | Learned a level 2 spell: Blink
  3843 | D:4      | Noticed an ogre
  3894 | D:4      | Noticed a gnoll sergeant
  3968 | D:4      | Noticed Menkaure
  4010 | D:4      | Noticed a phantom
  4390 | D:3      | Reached XP level 5. HP: 13/22 MP: 2/9
  5394 | D:4      | Killed Menkaure
  5395 | D:4      | Reached skill level 5 in Air Magic
  5395 | D:4      | Gained mutation: You are covered in thick fur. (AC +2)
                  | [Felid growth]
  5395 | D:4      | Reached XP level 6. HP: 14/25 MP: 1/10
  5547 | D:4      | Noticed Pikel
  6007 | D:3      | Killed Pikel
  6008 | D:3      | Reached skill level 7 in Air Magic
  6008 | D:3      | Reached XP level 7. HP: 26/28 MP: 2/11
  6854 | D:3      | Reached skill level 8 in Air Magic
  7496 | D:4      | Noticed Dowan
  7496 | D:4      | Noticed Duvessa
  7833 | D:4      | Reached skill level 1 in Unarmed Combat
  8379 | D:4      | Noticed Natasha
  8381 | D:4      | Killed Natasha
  8505 | D:4      | Reached XP level 8. HP: 33/33 MP: 3/12
  8658 | D:4      | Found a burning altar of Makhleb.
  8659 | D:4      | Found a snail-covered altar of Cheibriados.
  8660 | D:4      | Found a sacrificial altar of Ru.
  8661 | D:4      | Found an opulent altar of Gozag.
  8712 | D:4      | Killed Duvessa
  8721 | D:4      | Killed from afar by Dowan
  8722 | D:4      | Reached XP level 7. HP: 0/29 MP: 1/12
  8954 | D:5      | Entered Level 5 of the Dungeon
  9678 | D:4      | Learned a level 5 spell: Manifold Assault
  9975 | D:4      | Noticed Natasha
  9976 | D:4      | Killed Natasha
 10012 | D:4      | Noticed Natasha
 10015 | D:4      | Killed Natasha
 10290 | D:5      | Reached XP level 8. HP: 27/34 MP: 11/15
 11213 | D:5      | Reached skill level 5 in Stealth
 11339 | D:5      | Found a glowing golden altar of the Shining One.
 11416 | D:6      | Noticed Blork the orc
 11815 | D:5      | Reached skill level 5 in Dodging
 11942 | D:6      | Found a staircase to the Ecumenical Temple.
 11948 | D:6      | Killed Blork the orc
 11949 | D:6      | Reached skill level 5 in Spellcasting
 12142 | Temple   | Entered the Ecumenical Temple
 12709 | D:6      | Noticed a deep elf pyromancer
 12770 | D:6      | Killed a deep elf pyromancer
 12771 | D:6      | Reached XP level 9. HP: 38/38 MP: 1/19
 12957 | D:6      | Found Poinel's Magic Scroll Boutique.
 12961 | D:6      | Bought a scroll of identify for 28 gold pieces
 12961 | D:6      | Bought a scroll of identify for 28 gold pieces
 12961 | D:6      | Bought a scroll of identify for 28 gold pieces
 13241 | D:6      | Reached skill level 1 in Translocations
 13800 | D:7      | Found a hide-covered altar of Uskayaw.
 15932 | D:7      | Reached skill level 5 in Fighting
 15932 | D:7      | Reached XP level 10. HP: 44/44 MP: 8/20
 16088 | D:7      | Found a sparkling altar of Nemelex Xobeh.
 16861 | D:7      | Reached skill level 5 in Unarmed Combat
 17039 | D:8      | Noticed Joseph
 17054 | D:8      | Killed Joseph
 17055 | D:8      | Reached skill level 5 in Translocations
 17718 | D:5      | Killed Dowan
 17876 | D:3      | Bought an amulet of magic regeneration for 330 gold pieces
 18108 | D:8      | Found a white marble altar of Elyvilon.
 18126 | D:8      | Became a worshipper of Elyvilon the Healer
 18265 | D:8      | Found an iron altar of Okawaru.
 18335 | D:8      | Found a radiant altar of Vehumet.
 18455 | D:9      | Noticed a centaur warrior
 18455 | D:9      | Noticed a centaur warrior
 18455 | D:9      | Noticed a skeletal warrior
 18455 | D:9      | Noticed a death knight
 18455 | D:9      | Noticed a skeletal warrior
 18455 | D:9      | Noticed a red ugly thing
 18456 | D:9      | Noticed a red ugly thing
 18724 | D:7      | HP: 1/45 [skeletal warrior/stone (8)]
 19043 | D:9      | Reached * piety under Elyvilon
 19402 | D:9      | Noticed a cyan ugly thing
 20223 | D:9      | HP: 2/45 [centaur warrior (10)]
 20224 | D:9      | Slain by a centaur warrior
 20225 | D:9      | Reached XP level 9. HP: -2/41 MP: 6/19
 20324 | D:6      | Bought a scroll of magic mapping for 49 gold pieces
 20324 | D:6      | Bought a scroll of teleportation for 42 gold pieces
 20393 | D:10     | Entered Level 10 of the Dungeon
 20553 | D:10     | Found a blossoming altar of Fedhas.
 20748 | D:10     | Learned a level 4 spell: Summon Lightning Spire
 20761 | D:10     | Reached ** piety under Elyvilon
 20833 | D:10     | Noticed a troll
 20837 | D:10     | Killed a troll
 20838 | D:10     | Reached XP level 10. HP: 46/46 MP: 4/20
 20951 | D:10     | Found Ibraphej's Antique Armour Shop.
 21203 | D:10     | Identified the +4 rapier "Qykozez" {antimagic, Int+9}
 21213 | D:10     | Found a stormy altar of Qazlal.
 21354 | D:11     | Noticed a gargoyle
 22169 | D:11     | Noticed a five-headed hydra
 22313 | D:11     | Noticed a boulder beetle
 22368 | D:11     | Killed a five-headed hydra
 23280 | D:11     | Found a staircase to the Lair.
 23289 | D:11     | Reached skill level 9 in Air Magic
 23318 | Lair:1   | Entered Level 1 of the Lair of Beasts
 23574 | Lair:1   | Noticed a six-headed hydra
 23579 | Lair:1   | Killed a six-headed hydra
 23657 | Lair:1   | Reached XP level 11. HP: 49/49 MP: 5/21
 24181 | Lair:1   | Reached skill level 10 in Air Magic
 24281 | Lair:1   | Reached skill level 10 in Stealth
 24580 | Lair:1   | Reached *** piety under Elyvilon
 25337 | Lair:2   | Noticed a bog body
 25379 | Lair:2   | Killed a bog body
 25380 | Lair:2   | Noticed a bog body
 25387 | Lair:2   | Killed a bog body
 25436 | Lair:2   | Found a staircase to the Swamp.
 25579 | Lair:2   | Learned a level 5 spell: Lightning Bolt
 25792 | Lair:2   | Noticed Maggie
 25797 | Lair:2   | Killed Maggie
 25798 | Lair:2   | Reached skill level 11 in Air Magic
 25900 | Lair:2   | Noticed a four-headed hydra
 25908 | Lair:2   | Killed a four-headed hydra
 26462 | Lair:3   | Reached **** piety under Elyvilon
 26502 | Lair:3   | Found a staircase to the Snake Pit.
 27079 | Lair:3   | Reached skill level 10 in Dodging
 27080 | Lair:3   | Gained mutation: Your thick and shaggy fur keeps you warm.
                  | (AC +3, rC+) [Felid growth]
 27080 | Lair:3   | Reached XP level 12. HP: 55/55 MP: 4/22
 28222 | Lair:4   | Noticed a six-headed hydra
 28635 | Lair:4   | Reached skill level 12 in Air Magic
 28790 | Lair:4   | Noticed a five-headed hydra
 28803 | Lair:4   | Killed a five-headed hydra
 29191 | Lair:4   | Found a runed translucent door.
 29276 | Lair:4   | Reached ***** piety under Elyvilon
 29696 | Lair:4   | Killed a six-headed hydra
 30273 | Lair:4   | Noticed a seven-headed hydra
 30292 | Lair:5   | Noticed a death yak
 30419 | Lair:5   | Noticed a five-headed hydra
 30509 | Lair:5   | Killed a death yak
 30761 | Lair:5   | Noticed a death yak
 30762 | Lair:5   | Noticed a death yak
 30762 | Lair:5   | Noticed a death yak
 30905 | Lair:5   | Killed a five-headed hydra
 31202 | Lair:5   | Reached skill level 13 in Air Magic
 31264 | Lair:5   | Reached XP level 13. HP: 59/59 MP: 16/23
 31367 | Lair:5   | Found the +3 pair of gauntlets of War {Slay+5}
 31865 | Lair:6   | Entered Level 6 of the Lair of Beasts
 33500 | Lair:6   | Reached skill level 14 in Air Magic
 34600 | Lair:6   | Found a corrupted altar of Lugonu.
 34821 | Lair:6   | Found a one-way gate to the infinite horrors of the Abyss.
 34874 | Lair:6   | Identified the +1 ring mail "Fayd" {rC- Str+5}
 35860 | Lair:6   | Reached XP level 14. HP: 64/64 MP: 1/24
 36483 | Lair:6   | Found a viscous altar of Jiyva.
 36483 | Lair:6   | Found a staircase to the Slime Pits.
 36623 | Lair:6   | Fell from the grace of Elyvilon
 36623 | Lair:6   | Became a worshipper of Jiyva Jaluajit the Shapeless
 36830 | D:11     | You fall into a shaft and drop 1 floor!
 36954 | D:12     | Noticed Erolcha
 36958 | D:12     | Killed Erolcha
 37334 | D:12     | Noticed Fannar
 37344 | D:12     | Killed Fannar
 37449 | D:12     | Reached * piety under Jiyva
 38034 | D:12     | Reached ** piety under Jiyva
 38674 | D:11     | Found a staircase to the Orcish Mines.
 38746 | D:11     | Reached *** piety under Jiyva
 38746 | D:11     | Gained mutation: You have a pair of small horns on your
                  | head. [Jiyva's grace]
 39737 | D:9      | Reached skill level 10 in Fighting
 39772 | D:9      | Gained mutation: Your muscles are strong. (Str +2) [Jiyva's
                  | grace]
 39805 | D:9      | Reached **** piety under Jiyva
 40293 | D:9      | Lost mutation: Your muscles are strong. (Str +2) [Jiyva's
                  | grace]
 40693 | Orc:1    | Entered Level 1 of the Orcish Mines
 40877 | Orc:1    | Noticed Jorgrun
 40997 | D:11     | Lost mutation: You have a pair of small horns on your head.
                  | [Jiyva's grace]
 41002 | D:11     | Reached ***** piety under Jiyva
 41091 | Orc:1    | Constricted to death by Jorgrun
 41092 | Orc:1    | Reached XP level 13. HP: -6/61 MP: 16/25
 41119 | Orc:1    | Constricted to death by Jorgrun
 41120 | Orc:1    | Reached XP level 12. HP: -5/58 MP: 17/24
 41147 | Orc:1    | Killed Jorgrun
 41353 | Orc:1    | Noticed Gastronok
 41610 | D:13     | Reached skill level 15 in Air Magic
 41673 | D:13     | Noticed a centaur warrior
 41680 | D:13     | Killed a centaur warrior
 41816 | D:13     | Killed a boulder beetle
 41927 | D:13     | Found Cucoic's Jewellery Emporium.
 41969 | D:13     | Gained mutation: You do not regenerate when monsters are
                  | visible. [Jiyva's grace]
 42101 | D:13     | Found a bloodstained altar of Trog.
 42267 | D:14     | Noticed Nessos
 42273 | D:14     | Killed Nessos
 42274 | D:14     | Reached XP level 13. HP: 16/61 MP: 10/25
 42275 | D:14     | HP: 3/61 [poisoned by Nessos]
 42696 | Orc:1    | Killed Gastronok
 42698 | Orc:1    | Gained mutation: You are covered in slimy tendrils that may
                  | disarm your opponents. [Jiyva's grace]
 42703 | Orc:1    | Lost mutation: You do not regenerate when monsters are
                  | visible. [Jiyva's power]
 43136 | Orc:2    | Entered Level 2 of the Orcish Mines
 43217 | Orc:2    | Gained mutation: You are somewhat resistant to further
                  | mutation. [Jiyva's grace]
 43279 | Orc:2    | Found a staircase to the Elven Halls.
 43643 | Orc:2    | Gained mutation: Your spells are a little harder to cast,
                  | but a little more powerful. [Jiyva's grace]
 43748 | Orc:2    | Gained mutation: You have a small jelly attached to you
                  | that may absorb incoming projectiles. [Jiyva's grace]
 43765 | Orc:2    | Reached ****** piety under Jiyva
 43792 | Orc:2    | Lost mutation: Your spells are a little harder to cast, but
                  | a little more powerful. [Jiyva's grace]
 43827 | Orc:2    | Gained mutation: Your spells are a little harder to cast,
                  | but a little more powerful. [Jiyva's grace]
 43852 | Orc:2    | Found Wapiskun's Book Emporium.
 43852 | Orc:2    | Found Zoebog's Distillery.
 43854 | Orc:2    | Found Makac's Book Shop.
 43856 | Orc:2    | Found Idairo's General Store.
 43860 | Orc:2    | Bought a book of the Sky for 660 gold pieces
 43865 | Orc:2    | Bought a scroll of amnesia for 52 gold pieces
 43881 | Orc:2    | Learned a level 7 spell: Storm Form
 43911 | Orc:2    | Gained mutation: You are partially covered in large bone
                  | plates. (SH +4) [Jiyva's grace]
 44134 | Orc:1    | Reached skill level 1 in Transmutations
 44254 | Orc:1    | Noticed Sonja
 44258 | Orc:1    | Killed Sonja
 45040 | Slime:1  | Entered Level 1 of the Pits of Slime
 45048 | Slime:1  | Noticed an azure jelly
 45049 | Slime:1  | Noticed an acid blob
 45169 | Slime:2  | Noticed an azure jelly
 45218 | Slime:4  | Noticed a quicksilver ooze
 45225 | Slime:5  | Entered Level 5 of the Pits of Slime
 45229 | Slime:5  | Lost mutation: You are somewhat resistant to further
                  | mutation. [Jiyva's grace]
 45232 | Slime:5  | Lost mutation: You are covered in slimy tendrils that may
                  | disarm your opponents. [Jiyva's grace]
 45235 | Slime:5  | Gained mutation: You have a small jelly attached to you
                  | that senses nearby items. [Jiyva's grace]
 45236 | Slime:5  | Noticed an acid blob
 45242 | Slime:5  | Lost mutation: You have a small jelly attached to you that
                  | may absorb incoming projectiles. [Jiyva's grace]
 45248 | Slime:5  | Found the +6 Majin-Bo {vamp, MP+6 Int+6}
 45250 | Slime:5  | Found a viscous altar of Jiyva.
 45250 | Slime:5  | Noticed a quicksilver ooze
 45250 | Slime:5  | Noticed an azure jelly
 45253 | Slime:5  | Noticed an acid blob
 45253 | Slime:5  | Noticed a rockslime
 45254 | Slime:5  | Noticed an acid blob
 45255 | Slime:5  | Noticed an acid blob
 45255 | Slime:5  | Noticed an azure jelly
 45256 | Slime:5  | Noticed an acid blob
 45257 | Slime:5  | Got the Incunabulum of the Escort
 45261 | Slime:5  | Noticed the Royal Jelly
 45266 | Slime:5  | Identified the +2 broad axe of the Lamprey {holy, rC+}
 45268 | Slime:5  | Noticed an azure jelly
 45272 | Slime:5  | Noticed a quicksilver ooze
 45275 | Slime:5  | Identified the +6 dagger of the Sky {freeze, rC+ Dex+3}
 45277 | Slime:5  | Got a slimy rune of Zot
 45284 | Slime:5  | Identified the +6 hand axe of Midwinter {drain, Fragile
                  | Str-2 Int+8 Dex+4}
 45288 | Slime:5  | Identified the +8 great sword "Foti" {pain, Str+5}
 46283 | D:14     | Found a gate to the Vaults.
 46388 | D:14     | Lost mutation: Your spells are a little harder to cast, but
                  | a little more powerful. [Jiyva's grace]
 46535 | D:14     | Reached skill level 5 in Transmutations
 46613 | D:14     | Found Epseri's Assorted Antiques.
 48237 | D:13     | Bought a ring of willpower for 300 gold pieces
 48276 | D:15     | Entered Level 15 of the Dungeon
 49760 | D:15     | Gained mutation: You are partially covered in iridescent
                  | scales. (AC +2) [Jiyva's grace]
 50130 | D:15     | Reached XP level 14. HP: 66/66 MP: 3/26
 50494 | D:15     | Identified Roxanne's Papyrus of Shape Shifting
 50494 | D:15     | Noticed Roxanne
 50976 | D:15     | Found a staircase to the Depths.
 51222 | Swamp:1  | Entered Level 1 of the Swamp
 52057 | Lair:2   | Succumbed to poison (poison gas)

Illustrated notes

Levels and vault maps discovered:
D:1:      dpeg_arrival_stone_temple_mockup, layout_loops_ring,
          chequers_ecumenical_altar_twisty
D:2:      layout_basic, nicolae_underground_beach
D:3:      layout_loops_ring, serial_shops, nicolae_shop_statue_plus,
          kennysheep_jessica_study
D:4:      layout_rooms, mainiacjoe_overflow_alcove_3, gup_sewer_entry_spiral,
          uniq_menkaure, uniq_pikel, uniq_natasha, uniq_duvessa
D:5:      layout_loops_corners, nicolae_tso_swordbearing_angel,
          minmay_chambers_of_fives
D:6:      layout_basic, temple_pool_b, serial_shops, nicolae_shop_behind_doors,
          guppyfry_early_elven_hall, uniq_blork_the_orc
D:7:      kennysheep_seaside_town, layout_cave_pods, nemelex_spade_bored_becter,
          mainiacjoe_overflow_boulevard
D:8:      layout_rooms, elyvilon_altar_3, okawaru_trees_1,
          mainiacjoe_overflow_alcove_2, uniq_joseph
D:9:      layout_gridville, minivault_28
D:10:     layout_loops_ring, mainiacjoe_overflow_small_starburst,
          nicolae_qazlal_eye_of_the_storm, serial_shops, nicolae_take_the_stairs
D:11:     wad_woods_structure_01, layout_small_grid, special_room
          [special_room_kobold], lightli_corner_chamber
D:12:     dragon1_lemuel, layout_stronghold, uniq_erolcha, uniq_fannar
D:13:     layout_small_grid, serial_shops, kennysheep_mini,
          trog_three_pillars_becter
D:14:     layout_basic, lightli_vaults_fourway_checkpoint, serial_corexii_hall,
          corexii_hall_statues_i, corexii_hall_statues_i,
          corexii_hall_statues_i, corexii_hall_statues_t,
          corexii_hall_statues_x, corexii_hall_statues_x, serial_shops,
          nicolae_shop_temple_entry_statues_fountains,
          statue_in_the_mist_lemuel, uniq_nessos
D:15:     grunt_enter_depths_hoard, layout_loops_ring, minivault_11,
          uniq_roxanne
Temple:   eino_temple_lava
Lair:1:   beast_lair_carwin_large_1, layout_small_grid, portal_ice_cave_rime,
          minmay_holes, worms_lemuel
Lair:2:   layout_roguey, skrybe_swamp_entry_bodies, uniq_maggie
Lair:3:   layout_regular_city, dummy_snake_entry, beast_lair_carwin_2
Lair:4:   layout_gridlike, st_stairs_11, grunt_forest_small_clearings,
          pf_torpor_hydra, infiniplex_staircase_pool_2, lemuel_fruit_tree
Lair:5:   layout_regular_city
Lair:6:   hellmonk_lair_end_abyssal_woods, layout_misc_corridors,
          dpeg_slime_entry_enclosed_altar, minmay_lair_oklob_chamber
Swamp:1:  layout_basic_swamp, evilmike_swamp_ruin_house_3
Slime:1:  layout_caves
Slime:2:  layout_caves
Slime:3:  layout_caves
Slime:4:  layout_caves
Slime:5
Orc:1:    cheibrodos_orc_bank, layout_diamond_mine, david_defended_altar_orc,
          uniq_jorgrun, uniq_sonja, uniq_gastronok
Orc:2:    st_orc_rangers, layout_diamond_mine, nicolae_orc_flooded_monolith,
          mines_bat_river

Skill      XL: |  1  2  3  4  5  6  7  8  9 10 11 12 13 14 |
---------------+-------------------------------------------+-----
Air Magic      | 3 4 5 7 8 9 11 15 14 | 15.2
Fighting       | 1 2 3 5 6 7 8 9 10 | 10.5
Stealth        | 3 4 5 7 9 10 11 14 | 14.0
Dodging        | 3 4 5 6 9 10 11 13 | 13.0
Unarmed Combat | 2 3 4 6 7 |  7.9
Spellcasting   | 4 6 7 |  7.8
Translocations | 7 6 |  7.9
Transmutations | 7 8 |  8.8
Conjurations   | |  0.8
Evocations     | |  0.8

Action                   |  1- 3 |  4- 6 |  7- 9 | 10-12 | 13-15 || total
-------------------------+-------+-------+-------+-------+-------++-------
Melee: Unarmed           |     7 |    10 |    49 |    75 |   102 ||   243
       Bite              |       |     2 |     4 |     4 |    11 ||    21
       Punch             |       |       |     1 |     1 |     6 ||     8
       Headbutt          |       |       |       |       |     1 ||     1
 Cast: Shock             |   111 |   130 |    76 |     5 |     1 ||   323
       Airstrike         |       |       |   172 |   457 |   635 ||  1264
       Manifold Assault  |       |       |     1 |     4 |     1 ||     6
       Summon Lightning  |       |       |       |    93 |   202 ||   295
       Blink             |       |       |       |       |    11 ||    11
       Lightning Bolt    |       |       |       |       |    13 ||    13
Invok: Divine Protection |       |       |       |     1 |       ||     1
       Request Jelly     |       |       |       |       |     2 ||     2
       Slimify           |       |       |       |       |     1 ||     1
       Cure Bad Mutation |       |       |       |       |     1 ||     1
Evoke: Wand              |       |     3 |     1 |    12 |     4 ||    20
  Use: Scroll            |     2 |     4 |    10 |    13 |     4 ||    33
       Potion            |       |       |       |     1 |     1 ||     2
 Stab: Sleeping          |     1 |       |       |     2 |     2 ||     5
       Distracted        |       |       |       |     1 |     2 ||     3
Armor: Skin              |     3 |     3 |     8 |    41 |    22 ||    77
Dodge: Dodged            |    14 |    25 |    71 |   248 |   338 ||   696
Block: Other             |       |       |       |       |    15 ||    15
